Cogmind - Beta 17 *** ADVENTURER MODE // 2026.07.27 @ 21:02:18 Player: Tuja Result: Destroyed by S-43 Plague with Heavy Machine Gun Performance ------------- Evolutions (8) 4000 Regions Visited (10) 2000 Robots Destroyed (327) 1635 Value Destroyed (21160) 21160 Prototype IDs (33) 660 Alien Tech Used (1) 200 Bonus (20714) 20714 TOTAL SCORE: 50369 Bonus ------- High Alert Combat Kills 5575 Follower Combat Kills 841 Prayed to X0-1V1 5000 Major X0-1V1 Interference 7850 Registered with UFD 300 Met Optimus in HQ 500 Met Optimus at Protoforge 1000 Friendly Fire -352 Cogmind --------- Core Integrity 0/1420 Matter 300/300 Energy 612/1215 System Corruption 1% Temperature Cool (0) Movement Rolling (80) Ox1 Location -2/Protoforge Parts ------- > --- POWER (2) -------- Reinforced Antimatter Reactor Light Quantum Reactor > --- PROPULSION (6) --- Overtuned Huge Scrapsphere Overtuned Huge Scrapsphere Overtuned Huge Scrapsphere > --- UTILITY (11) ----- 0bPrime Scrap Suit Large Storage Unit Experimental Optical Array Experimental Targeting Computer Experimental Target Analyzer Experimental Core Analyzer Makeshift Medium Armor Plating Centrium Light Armor Plating Advanced Force Field X0-1V1's Piety Tracker > --- WEAPON (5) ------- Quantum Rifle Helical Railgun Compact Linear Accelerator Compact Linear Accelerator Compact Linear Accelerator > --- INVENTORY (15) --- Improved Quantum Reactor Overtuned Armored Exoskeleton Experimental Optical Array UFD Drillbomb Peak State ------------ > --- POWER ------------ Reinforced Antimatter Reactor Light Quantum Reactor > --- PROPULSION ------- Overtuned Huge Scrapsphere Overtuned Huge Scrapsphere Overtuned Huge Scrapsphere > --- UTILITY ---------- 0bPrime Scrap Suit Large Storage Unit Experimental Optical Array Experimental Targeting Computer Experimental Target Analyzer Experimental Core Analyzer Experimental Core Analyzer Makeshift Medium Armor Plating Centrium Light Armor Plating Centrium Light Armor Plating X0-1V1's Piety Tracker > --- WEAPON ----------- Helical Railgun Helical Railgun Compact Linear Accelerator Compact Linear Accelerator Compact Linear Accelerator Plasma Lance > --- INVENTORY -------- Improved Quantum Reactor Overtuned Armored Exoskeleton Experimental Optical Array UFD Drillbomb [Rating: 219] Favorites ----------- Power Light Quantum Reactor Engine Ion Engine Power Core Neutrino Core Reactor Light Quantum Reactor Propulsion Myomer Leg Treads Light Treads Leg Myomer Leg Wheel Overtuned Huge Scrapsphere Flight Unit Field Propulsion Array Utility X0-1V1's Piety Tracker Device X0-1V1's Piety Tracker Storage Large Storage Unit Processor Experimental Core Analyzer Hackware System Shield Protection Centrium Light Armor Plating Weapon Compact Linear Accelerator Energy Gun EM Pulse Gun Energy Cannon Enhanced Nova Cannon Ballistic Gun Helical Railgun Ballistic Cannon Compact Linear Accelerator Launcher Heavy Shock Bomb Launcher Special Weapon Mining Laser Impact Weapon Power Maul Slashing Weapon Scimitar of Distortion Piercing Weapon Plasma Lance Special Melee Weapon Improved Datajack Build | -11 -10 -10 -7 -5 -4 -4 -3 -2 -2 -2 ------- Run | Yrd Mat Sub Scr Fac Fac Arm Res Res Qua Frg Slots Evolved 16 | . . . . 10 2 . 2 2 . . Power 1 | . . . . . . . 1 . . . Propulsion 3 | . . . . 1 . . . 2 . . Utility 10 | . . . . 8 1 . 1 . . . Weapon 2 | . . . . 1 1 . . . . . Parts Attached 258 | 7 4 . 5 27 41 28 42 20 10 74 Power 25 | 1 . . 1 3 4 1 6 1 . 8 Engine 4 | 1 . . 1 2 . . . . . . Core 3 | . . . . 1 1 . . . . 1 Reactor 18 | . . . . . 3 1 6 1 . 7 Propulsion 48 | 2 . . 3 2 13 4 8 3 1 12 Treads 9 | 2 . . 1 2 . . 2 1 . 1 Leg 30 | . . . . . 9 4 6 2 1 8 Wheel 7 | . . . 2 . 2 . . . . 3 Hover . | . . . . . . . . . . . Flight 2 | . . . . . 2 . . . . . Utility 119 | 2 1 . . 15 15 18 21 12 3 32 Device 54 | 1 . . . 9 10 2 11 6 1 14 Storage 10 | 1 1 . . . 1 1 4 . . 2 Processor 25 | . . . . 3 1 9 3 4 . 5 Hackware 12 | . . . . 1 3 6 . . 2 . Protection 18 | . . . . 2 . . 3 2 . 11 Artifact . | . . . . . . . . . . . Weapon 66 | 2 3 . 1 7 9 5 7 4 6 22 Energy Gun 10 | 2 1 . . 2 2 . 1 . 1 1 Energy Cannon 8 | . . . . . 3 . 1 1 2 1 Ballistic Gun 26 | . . . 1 1 1 4 3 1 3 12 Ballistic Cannon 11 | . . . . 2 . 1 2 1 . 5 Launcher 1 | . . . . . 1 . . . . . Special Weapon 4 | . 2 . . . . . . 1 . 1 Impact Weapon 3 | . . . . 1 2 . . . . . Slashing Weapon . | . . . . . . . . . . . Piercing Weapon 2 | . . . . . . . . . . 2 Special Melee Weapon 1 | . . . . 1 . . . . . . Unidentified Prototypes 20 | . . . . 1 . 1 1 6 1 10 Corrupted Parts 4 | . . . . . 4 . . . . . System Corruption 13 | . . . . . 13 . . . . . Parts Lost 144 | . 1 . . 18 45 . 26 6 3 45 Power 17 | . . . . 3 5 . 4 . . 5 Propulsion 29 | . . . . 5 12 . 5 . . 7 Utility 61 | . . . . 5 18 . 12 6 1 19 Weapon 37 | . 1 . . 5 10 . 5 . 2 14 Highest Loss Streak 18 | . 1 . . 6 18 . 11 4 2 14 To Critical Strikes 8 | . . . . . . . 3 . 1 4 Average Backups 11 | 3 7 14 19 15 15 4 12 11 10 5 Power 1 | . 1 1 1 . 1 . . 1 1 1 Propulsion 1 | 1 3 3 3 1 . . 2 1 3 1 Utility 4 | . 1 4 8 9 9 1 4 3 1 1 Weapon 3 | . 2 5 5 3 2 3 5 5 3 1 Tool/Special . | . . . . . . . . . . . Unused Backups 58 | . . 1 16 . 9 3 3 3 3 20 Power 5 | . . . 1 . . . . 1 . 3 Propulsion 13 | . . . 3 . 1 . 2 1 1 5 Utility 22 | . . 1 5 . 6 3 1 . . 6 Weapon 13 | . . . 6 . 2 . . 1 . 4 Tool/Special 5 | . . . 1 . . . . . 2 2 Average Slot Usage (%) 83 | . 93 87 86 80 70 82 95 79 82 81 Engine 3 | . 13 12 12 4 . . . . . . Reactor 4 | . . . . . 1 2 8 8 8 7 Treads 5 | . 26 25 17 6 . . . 6 . . Leg 6 | . . . . . 8 11 16 2 10 8 Wheel 2 | . . . 7 6 . . . . . 3 Device 15 | . 13 12 12 20 20 12 13 23 20 14 Storage 7 | . 13 12 12 5 5 2 14 9 8 4 Processor 10 | . . . . 10 9 31 10 7 12 17 Hackware 2 | . . . . 4 7 2 8 . 2 1 Protection 2 | . . . . 4 . . 3 3 2 5 Energy Gun 4 | . 22 22 12 3 1 . . 4 . . Energy Cannon 1 | . . . . . 3 . . . 2 1 Ballistic Gun 5 | . . . . 6 2 15 13 4 8 7 Ballistic Cannon 3 | . . . . 5 . . 1 6 4 5 Special Weapon 2 | . 3 2 11 . . . . . . . Peak Build Rating 219 | 9 11 12 28 90 113 123 141 170 198 219 Average Rating 112 | 5 9 11 17 77 81 103 126 142 184 189 On Entrance 67 | . 9 11 12 28 53 19 123 122 170 194 Avg Prop Armor Cover (%) 8 | . . . . . 7 11 6 . . 10 Naked Turns 14 | . . . . . 14 . . . . . Heaviest Build 134 | 15 50 50 52 88 87 47 116 121 134 129 Greatest Support 219 | 40 40 40 62 79 104 104 149 219 157 167 Greatest Overweight (x) 6 | . 1 1 1 4 6 1 2 2 1 2 Average Overweight (x) . | . . 1 . 1 1 . . . . . Largest Inventory Capacity 25 | 8 20 20 20 20 20 5 15 15 15 25 Average Capacity 15 | 7 18 20 20 20 19 5 14 15 15 12 Most Carried 20 | 7 13 16 20 20 20 5 15 15 15 18 Average Carried 13 | 3 7 14 19 16 15 4 13 13 14 11 Final Capacity 20 | 8 20 20 20 20 5 5 15 15 15 15 Final Carried 20 | 7 13 15 20 15 4 5 9 15 15 15 Scrap Suit Usage (%) 31 | . . . . 98 46 . . . . 58 Parts Cannibalized 19 | . . . . 1 8 . . . . 10 Class Distribution -------------------- 25% | Mutant 25% | Scavenger-Gunner 9% | Hacker-Gunner 8% | Scavenger-Scrapper 6% | Scavenger-Tank 6% | Hacker-Mutant 4% | Hacker-Skirmisher 3% | Scavenger-Mutant 3% | Scavenger-Skirmisher 3% | Gunner Dominant Class ---------------- Mutant | -10/Materials Mutant | -10/Subcaves Mutant | -7/Scraptown Hacker-Skirmisher | -5/Factory Hacker-Mutant | -4/Factory Scavenger-Skirmisher | -4/Armory Scavenger-Gunner | -3/Research Scavenger-Tank | -2/Research Gunner | -2/Quarantine Scavenger-Gunner | -2/Protoforge Resources | -11 -10 -10 -7 -5 -4 -4 -3 -2 -2 -2 ----------- Run | Yrd Mat Sub Scr Fac Fac Arm Res Res Qua Frg Matter Collected 15723 | 134 60 128 200 1239 1509 588 3136 494 1249 6986 Remotely . | . . . . . . . . . . . Salvage Created 18912 | 139 . 60 . 1768 2294 529 4686 934 935 7567 Parts 888 | 12 . 1 . 69 77 26 237 37 49 380 Haulers Intercepted . | . . . . . . . . . . . Recyclers Shooed 6 | . . . . 1 . . 4 1 . . Parts Field Recycled . | . . . . . . . . . . . Retrieved Matter . | . . . . . . . . . . . Parts Self-Destructed 8 | . . 8 . . . . . . . . Prevented 1 | . . 1 . . . . . . . . Parts Restored 1 | . . . . . 1 . . . . . Broken 1 | . . . . . 1 . . . . . Kills | -11 -10 -10 -7 -5 -4 -4 -3 -2 -2 -2 ------- Run | Yrd Mat Sub Scr Fac Fac Arm Res Res Qua Frg Combat Hostiles Destroyed 281 | . . 1 . 34 27 7 62 15 11 124 Melee 11 | . . . . . 9 . . . . 2 Guns 147 | . . 1 . 22 3 7 55 5 6 48 Cannons 107 | . . . . 8 3 . 7 10 5 74 AOE 3 | . . . . 3 . . . . . . Classes Destroyed 25 | 2 . 1 . 8 3 3 1 . . 7 Worker 13 | . . . . 2 1 . 8 1 1 . Builder 8 | . . . . 1 2 . 1 . 3 1 Tunneler 2 | 2 . . . . . . . . . . Recycler 10 | 1 . . . . 5 . 3 . 1 . Carrier 1 | . . . . . . . . . . 1 Mechanic 7 | . . . . . 1 . . . . 6 Operator 3 | . . . . . 2 . . . . 1 Drone 7 | . . . . . 1 . . . . 6 Watcher 3 | . . . . . . 1 2 . . . Swarmer 41 | . . . . 4 4 . 14 . . 19 Saboteur 1 | . . . . . . . . . . 1 Grunt 70 | . . . . 21 6 1 18 7 3 14 Brawler 8 | . . . . 1 1 . 2 . . 4 Duelist 9 | . . . . . . 1 3 . . 5 Protector 7 | . . . . . . . 2 . . 5 Sentry 12 | . . . . 2 1 . 3 3 . 3 Specialist 5 | . . . . . . 2 1 . . 2 Hunter 44 | . . . . 2 9 1 13 2 6 11 Programmer 40 | . . . . 4 5 2 6 3 2 18 Behemoth 1 | . . . . . . . . . . 1 Hotshot 5 | . . . . . . . . . . 5 Overlord 1 | . . . . . . . . . . 1 Striker 18 | . . . . . . . . . . 18 Executioner 10 | . . . . . . . . . . 10 Alpha 7 1 | . . . . . . . . . . 1 Subdweller 1 | . . 1 . . . . . . . . Best Kill Streak 13 | 3 . 1 . 10 5 4 10 8 4 13 Combat Bots Only 12 | . . 1 . 8 4 3 9 8 4 12 Max Kills in Single Turn 3 | 2 . 1 . 2 2 2 3 1 3 2 Gunslinging 1 | . . . . 1 . 1 1 . . . Exploded 2 | . . . . 2 . . . . . . Melee 1 | . . . . . 1 . . . . 1 Uniques/NPCs Destroyed . | . . . . . . . . . . . Combat | -11 -10 -10 -7 -5 -4 -4 -3 -2 -2 -2 -------- Run | Yrd Mat Sub Scr Fac Fac Arm Res Res Qua Frg Hostile Shots Fired 2910 | . . 23 . 281 657 23 574 123 215 1014 Missed 921 | . . 11 . 93 227 12 185 35 65 293 Deflected 1 | . . . . . . . . . . 1 Hits 1989 | . . 12 . 188 430 11 389 88 150 721 Melee 51 | . . . . . 2 1 15 . . 33 Projectile 1938 | . . 12 . 188 428 10 374 88 150 688 AOE 1 | . . . . . . . . . . 1 Critical Strikes 95 | . . . . 9 17 3 28 6 4 28 Actively Blocked 3 | . . . . . . . 2 . . 1 Part Disruptions 3 | . . . . . 1 . . . 2 . Damage Taken 29259 | . 358 206 . 2811 5805 233 4535 1631 1616 12064 Core 5053 | . 126 62 . 322 1204 . 1226 116 153 1844 Absorbed by Shields 6074 | . . . . . 291 . 2565 . 858 2360 Reduced by Siege Mode 176 | . . . . . . . 63 113 . . Redirected to Shielding 353 | . . . . . . . 61 113 . 179 Ignored by Resistances 9366 | . . 47 . 779 1739 65 1749 526 672 3789 Regen/Repaired (Parts) 401 | . . . . 1 80 56 . . 164 100 Core Remaining (%) 52 | 100 . . 58 87 . 15 3 . . . Volleys Fired 664 | 2 5 18 . 86 54 16 120 32 31 300 Largest 5 | 2 2 2 . 3 4 4 4 4 4 5 Hottest 420 | 80 140 100 . 163 273 145 373 239 260 420 Shots Fired 2040 | 4 8 31 . 239 128 55 446 125 110 894 Gun 1185 | 4 4 26 . 154 53 55 383 65 59 382 Cannon 837 | . . . . 85 66 . 63 60 51 512 Launcher 9 | . . . . . 9 . . . . . Special 9 | . 4 5 . . . . . . . . Kinetic 1627 | . . . . 180 26 55 423 96 93 754 Thermal 300 | . 4 18 . . 69 . 23 29 17 140 Explosive . | . . . . . . . . . . . Electromagnetic 113 | 4 4 13 . 59 33 . . . . . Robot Hit Streak 32 | 2 . 23 . 30 11 4 30 32 10 28 Robot Miss Streak 9 | . . 1 . 4 2 3 4 2 4 9 Penetration Max 2 | . . . . 1 1 1 2 1 1 2 Secondary Targets 22 | . . . . 5 . 3 13 . 1 . Max Gunslinging Chain 1 | . . . . 1 . 1 1 . 1 . Shots Hit Robots 1406 | 2 . 26 . 188 150 33 303 91 64 549 Core Hits 702 | 3 . 4 . 103 45 12 171 42 33 289 Critical Kills 69 | . . . . . 3 3 42 1 3 17 Critical Parts Destroyed 86 | . . . . 3 13 3 46 . 3 18 Critical Strikes 232 | . . . . 10 18 7 97 8 11 81 Burn 2 | . . . . . 1 . . 1 . . Meltdown 3 | . . . . . 2 . . . . 1 Destroy 148 | . . . . 3 1 7 92 1 6 38 Blast 63 | . . . . 6 . . 5 6 5 41 Corrupt 1 | . . . . 1 . . . . . . Smash 14 | . . . . . 14 . . . . . Impale 1 | . . . . . . . . . . 1 Melee Attacks 115 | . . . . 5 90 4 9 . . 7 Impact 87 | . . . . 4 70 4 9 . . . Slashing 20 | . . . . . 20 . . . . . Piercing 7 | . . . . . . . . . . 7 Sneak Attacks 9 | . . . . 1 7 . . . . 1 Combat Hostiles 1 | . . . . . 1 . . . . . Follow-up Attacks 16 | . . . . . 16 . . . . . Damage Inflicted 49618 | 41 . 256 . 5758 6057 812 8612 3219 2471 22392 Guns 23600 | 41 . 256 . 3475 802 812 7015 1359 1117 8723 Cannons 21620 | . . . . 1792 1645 . 1590 1818 1354 13421 Explosions 889 | . . . . 491 360 . . . . 38 Melee 3357 | . . . . . 3250 . . . . 107 Ramming 152 | . . . . . . . 7 42 . 103 Kinetic 37161 | . . . . 3988 394 812 7921 2568 2019 19459 Thermal 6307 | . . 126 . 275 1476 . 684 609 452 2685 Explosive 387 | . . . . 216 133 . . . . 38 Electromagnetic 2254 | 41 . 130 . 1279 804 . . . . . Impact 2512 | . . . . . 2512 . . . . . Slashing 738 | . . . . . 738 . . . . . Piercing 107 | . . . . . . . . . . 107 Highest Corruption 27 | . 1 1 . 3 24 27 4 4 4 13 Average Corruption 6 | . 1 1 . 2 12 24 2 2 2 6 Corruption Purged 4 | . . . . . . . 4 . . . Corruption Blocked . | . . . . . . . . . . . Effects 214 | . 3 1 . 11 47 33 7 6 13 93 Message Errors 46 | . . . . 1 12 9 1 1 4 18 Matter Fused 40 | . 1 . . 2 12 4 . . 2 19 Heat Flow Errors 25 | . 2 . . 2 1 . 1 1 2 16 Energy Discharges 24 | . . . . . 7 3 1 . 1 12 Parts Rejected 3 | . . . . . 1 1 . . . 1 Parts Fused 2 | . . . . . . 1 . . 1 . Data Loss (minor) 31 | . . . . 2 7 3 2 2 1 14 Data Loss (major) 6 | . . . . 1 . . 1 . . 4 Misfires 5 | . . . . . 1 3 . 1 . . Alerts 4 | . . 1 . 1 . . . . 1 1 Misdirections 3 | . . . . . 3 . . . . . Weapon Failures 25 | . . . . 2 3 9 1 1 1 8 Overload Shots 5 | . . . . . . . 5 . . . Overflow Damage 1886 | . . . . 57 1247 . 79 88 16 399 Projectiles 493 | . . . . 26 62 . 79 88 16 222 Explosions 62 | . . . . 31 31 . . . . . Melee 1331 | . . . . . 1154 . . . . 177 Knockbacks 126 | . . . . 27 12 . 14 11 14 48 Impact 12 | . . . . . 12 . . . . . Kinetic 99 | . . . . 21 . . 11 9 11 47 Secondary 15 | . . . . 6 . . 3 2 3 1 Self-Inflicted Damage 161 | . . . . . 121 . . . . 40 Shots 7 | . . . . . 6 . . . . 1 Rammed . | . . . . . . . . . . . Targets Rammed 13 | . . . . . . . 1 6 . 6 Kicked 13 | . . . . . . . 1 6 . 6 Crushed . | . . . . . . . . . . . Highest Temperature 632 | 18 317 2 . 421 500 101 632 215 11 361 Average Temperature 129 | 12 165 2 . 115 173 28 167 79 11 69 Received Heat Transfer 3977 | . . 72 . 1041 798 9 528 288 88 1153 Effects 47 | . . . . 4 3 . 39 . . 1 Shutdowns 15 | . . . . 1 1 . 13 . . . Energy Bleed 7 | . . . . . 1 . 5 . . 1 Interference 2 | . . . . 2 . . . . . . Matter Decay 7 | . . . . 1 . . 6 . . . Short Circuit 3 | . . . . . . . 3 . . . Damage (minor) 4 | . . . . . 1 . 3 . . . Damage (major) 4 | . . . . . . . 4 . . . Damage (core) 5 | . . . . . . . 5 . . . Siege Activations 2 | . . . . . . . 1 1 . . Total Turns 44 | . . . . . . . 17 27 . . Longest Duration 27 | . . . . . . . 17 27 . . Martial Activations . | . . . . . . . . . . . Shielding Activations 4 | . . . . . . . . . . 4 Total Turns 67 | . . . . . . . . . . 67 Longest Duration 28 | . . . . . . . . . . 28 Robots Disrupted . | . . . . . . . . . . . Combat Hostiles . | . . . . . . . . . . . Robots Corrupted 13 | . . . . 1 12 . . . . . Combat Hostiles 11 | . . . . 1 10 . . . . . Parts Fried 22 | . . 1 . 3 18 . . . . . Impact Corruptions 35 | . . . . . 34 . . 1 . . Robots Melted 3 | . . . . . 2 . . . . 1 Combat Hostiles 2 | . . . . . 2 . . . . . Parts Melted 14 | . . . . . 10 . 2 . . 2 Heat Transferred 7086 | . . 316 . 150 2158 . 644 962 370 2486 Parts Sabotaged 7 | . . . . . . . . . . 7 Parts Stolen . | . . . . . . . . . . . Parts Stripped . | . . . . . . . . . . . Power Chain Reactions 2 | . . . . 1 1 . . . . . Alert | -11 -10 -10 -7 -5 -4 -4 -3 -2 -2 -2 ------- Run | Yrd Mat Sub Scr Fac Fac Arm Res Res Qua Frg Maximum Alert Level 4 | . . . . 2 3 2 3 2 2 4 Low Security (%) 25 | 100 100 . . 28 58 . . . 37 15 Level 1 22 | . . . . 54 21 53 22 37 18 13 Level 2 18 | . . . . 17 3 46 37 62 44 4 Level 3 25 | . . . . . 15 . 39 . . 47 Level 4 7 | . . . . . . . . . . 18 Level 5 . | . . . . . . . . . . . High Security . | . . . . . . . . . . . Max Security . | . . . . . . . . . . . Peak Influence 1515 | 15 14 . . 579 955 609 951 490 513 1515 Initial 414 | . 2 . . . 232 348 272 414 221 196 Average 506 | 1 . . . 243 254 419 616 405 315 765 Influence Increases 10930 | 15 22 . . 1234 1915 611 2085 450 609 3989 Destroy 0b10 Robot/C 5800 | . . . . 680 600 400 1320 300 220 2280 Destroy 0b10 Robot/NC 305 | 15 . . . 15 60 5 85 5 25 95 Destroy Leader 918 | . . . . 100 112 72 224 70 30 310 Allied During Kill 129 | . . . . . 21 64 44 . . . Trap Triggered on 0b10 10 | . . . . . . . . . . 10 Successful Hack 97 | . 20 . . 4 43 . 22 . 8 . Disable Machine 333 | . . . . 45 63 36 18 9 36 126 Anti-Garrison Action 600 | . . . . . 200 . 200 . 200 . Destroy Structure 1042 | . 2 . . 126 128 4 82 51 75 574 Partial Spotted 45 | . . . . . . . 15 . . 30 Lose Combat Pursuer 585 | . . . . 90 180 30 75 15 15 180 Miscellaneous 1066 | . . . . 174 508 . . . . 384 Influence Decreases 9465 | 10 27 . . 684 1639 838 1837 843 663 2924 Entered New Map 1996 | . 3 . . . 318 478 327 433 233 204 Time Decay 5352 | 10 24 . . 504 784 270 830 350 400 2180 Lost Part 1377 | . . . . 180 397 . 260 60 30 450 Lost Ally 440 | . . . . . 140 90 120 . . 90 Purge Threat 300 | . . . . . . . 300 . . . Squads Dispatched 61 | . . . . 7 20 3 15 3 4 9 Investigation 21 | . . . . 3 8 1 3 1 2 3 Extermination 15 | . . . . 2 3 1 3 2 2 2 Reinforcement 17 | . . . . 1 5 1 6 . . 4 Assault 5 | . . . . . 3 . 2 . . . Garrison 3 | . . . . 1 1 . 1 . . . Intercept . | . . . . . . . . . . . Searches Triggered . | . . . . . . . . . . . Construction Impeded 3 | . . . . 1 1 . 1 . . . Haulers Reinforced 1 | . . . . . . . 1 . . . Active Scanning Responses . | . . . . . . . . . . . Cargo Convoy Interrupts 1 | . . . . . . . 1 . . . Stealth | -11 -10 -10 -7 -5 -4 -4 -3 -2 -2 -2 --------- Run | Yrd Mat Sub Scr Fac Fac Arm Res Res Qua Frg Distress Signals 27 | . . . . . 2 . 5 1 3 16 Communications Jammed . | . . . . . . . . . . . Distress Signals . | . . . . . . . . . . . Times Spotted 564 | . . 6 . 47 82 20 97 22 18 272 Peak Tracking Total 20 | . . 3 . 8 20 5 10 8 5 13 Tactical Retreats 29 | . . . . 4 5 2 5 1 1 11 Traps | -11 -10 -10 -7 -5 -4 -4 -3 -2 -2 -2 ------- Run | Yrd Mat Sub Scr Fac Fac Arm Res Res Qua Frg Traps Triggered 4 | . . 1 . 1 . . . 1 . 1 Indirectly . | . . . . . . . . . . . Trap Hack Attempts . | . . . . . . . . . . . Triggered . | . . . . . . . . . . . Disarmed . | . . . . . . . . . . . Reprogrammed . | . . . . . . . . . . . Reused 1 | . . . . . . . . . . 1 Traps Extracted . | . . . . . . . . . . . Installed 1 | . . . . . . . . . . 1 Triggered 1 | . . . . . . . . . . 1 Most Traps Carried 1 | . . . . . . . . 1 1 1 Machines | -11 -10 -10 -7 -5 -4 -4 -3 -2 -2 -2 ---------- Run | Yrd Mat Sub Scr Fac Fac Arm Res Res Qua Frg Machines Disabled 38 | . . . . 5 7 4 2 1 4 15 Max in Single Turn 4 | . . . . 4 4 1 1 1 1 1 Garrison Access 4 | . . . . . 2 . 1 . 1 . Energy Cycler 1 | . . . . . . 1 . . . . Machines Repaired . | . . . . . . . . . . . Machines Dismantled . | . . . . . . . . . . . Machines Sabotaged . | . . . . . . . . . . . Overloaded Fab Kills . | . . . . . . . . . . . Hacking | -11 -10 -10 -7 -5 -4 -4 -3 -2 -2 -2 --------- Run | Yrd Mat Sub Scr Fac Fac Arm Res Res Qua Frg Machines Accessed 47 | . 4 . 3 7 11 1 7 2 7 5 Terminals 19 | . 4 . . 3 2 . 2 1 4 3 Fabricators 3 | . . . . 1 . . 2 . . . Repair Stations 2 | . . . . . . 1 . . 1 . Recycling Units 14 | . . . . 3 7 . 1 1 . 2 Scanalyzers 2 | . . . . . . . 1 . 1 . Garrison Access 4 | . . . . . 2 . 1 . 1 . Total Hacks 146 | . 12 . 41 18 31 1 16 5 13 9 Successful 93 | . 6 . 41 7 19 1 9 1 6 3 Failed 52 | . 5 . . 11 12 . 7 4 7 6 Catastrophic 7 | . 1 . . 1 2 . . . . 3 Database Lockouts 1 | . 1 . . . . . . . . . Manual 60 | . 9 . . 13 17 1 6 4 4 6 Terminals 58 | . 12 . . 12 13 . 7 1 8 5 Fabricators 5 | . . . . 1 . . 4 . . . Repair Stations 2 | . . . . . . 1 . . 1 . Recycling Units 27 | . . . . 5 12 . 2 4 . 4 Scanalyzers 2 | . . . . . . . 1 . 1 . Garrison Access 11 | . . . . . 6 . 2 . 3 . Terminal Hacks 59 | . 5 . 41 1 7 . 2 . 2 1 Record 35 | . . . 35 . . . . . . . Part Schematic 3 | . 2 . . . 1 . . . . . Robot Analysis 6 | . . . 6 . . . . . . . Branch Access Points 1 | . . . . . 1 . . . . . Emergency Access Points 3 | . . . . 1 1 . . . 1 . Unreport Threat 2 | . . . . . . . 2 . . . Locate Traps 3 | . 1 . . . 2 . . . . . Dispatch Records 2 | . . . . . . . . . 1 1 Surveillance Status 1 | . . . . . 1 . . . . . Transport Status 1 | . 1 . . . . . . . . . Hauler Manifests 1 | . 1 . . . . . . . . . Zone Layout 1 | . . . . . 1 . . . . . Fabricator Hacks 3 | . . . . . . . 3 . . . Load Schematic 1 | . . . . . . . 1 . . . Build 2 | . . . . . . . 2 . . . Repair Station Hacks . | . . . . . . . . . . . Recycling Unit Hacks . | . . . . . . . . . . . Scanalyzer 2 | . . . . . . . 1 . 1 . Retrieve Study 2 | . . . . . . . 1 . 1 . Garrison Access Hacks 1 | . . . . . 1 . . . . . Seal Access 1 | . . . . . 1 . . . . . Unauthorized Hacks 28 | . 1 . . 6 11 1 3 1 3 2 Terminals 9 | . 1 . . 2 3 . 1 . 1 1 Assimilate 1 | . . . . . . . . . . 1 Botnet 6 | . 1 . . 1 2 . 1 . 1 . Skim 2 | . . . . 1 1 . . . . . Fabricators 1 | . . . . 1 . . . . . . Fabnet 1 | . . . . 1 . . . . . . Repair Stations 2 | . . . . . . 1 . . 1 . Patch 2 | . . . . . . 1 . . 1 . Recycling Units 13 | . . . . 3 7 . 1 1 . 1 Fedlink 13 | . . . . 3 7 . 1 1 . 1 Scanalyzers . | . . . . . . . . . . . Garrison Access 3 | . . . . . 1 . 1 . 1 . Jam 3 | . . . . . 1 . 1 . 1 . Data Cores Recovered 1 | . . . . . 1 . . . . . Used . | . . . . . . . . . . . Hacking Detections 30 | . 2 . . 4 6 . 7 2 6 3 Full Trace Events 2 | . 1 . . . . . 1 . . . Feedback Events 1 | . 1 . . . . . . . . . Corruption 1 | . 1 . . . . . . . . . Feedback Blocked . | . . . . . . . . . . . Robot Schematics Acquired . | . . . . . . . . . . . Robots Built . | . . . . . . . . . . . Authchips . | . . . . . . . . . . . Time . | . . . . . . . . . . . Total Robot Build Rating . | . . . . . . . . . . . Part Schematics Acquired 3 | . 2 . . . 1 . . . . . Parts Built 3 | . . . . . . . 3 . . . Authchips . | . . . . . . . . . . . Time 115 | . . . . . . . 115 . . . Total Part Build Rating 17 | . . . . . . . 17 . . . Part Studies Acquired 2 | . . . . . . . 1 . 1 . Parts Repaired . | . . . . . . . . . . . Time . | . . . . . . . . . . . Parts Recycled . | . . . . . . . . . . . Recycled Matter . | . . . . . . . . . . . Retrieved Matter . | . . . . . . . . . . . Retrieved Components . | . . . . . . . . . . . Parts Scanalyzed . | . . . . . . . . . . . Part Schematics Acquired . | . . . . . . . . . . . Parts Damaged . | . . . . . . . . . . . Bothacking | -11 -10 -10 -7 -5 -4 -4 -3 -2 -2 -2 ------------ Run | Yrd Mat Sub Scr Fac Fac Arm Res Res Qua Frg Used RIF Installer . | . . . . . . . . . . . Robots Hacked 5 | . . . . 1 3 1 . . . . Non-combat 1 | . . . . 1 . . . . . . Combat 4 | . . . . . 3 1 . . . . Robot Hacks Applied 1 | . . . . 1 . . . . . . find_recycling 1 | . . . . 1 . . . . . . Relay Couplers Released . | . . . . . . . . . . . Fabnet Peak Effective % 3 | . . . . . 3 3 1 . . . Autooverrided 4 | . . . . . 3 1 . . . . Robots Rewired 6 | . . . . . . 6 . . . . Allies Hacked 1 | . . . . . . 1 . . . . Hacks Repelled . | . . . . . . . . . . . Allies | -11 -10 -10 -7 -5 -4 -4 -3 -2 -2 -2 -------- Run | Yrd Mat Sub Scr Fac Fac Arm Res Res Qua Frg Total Allies 32 | . . . . . 11 10 6 . . 5 Largest Group 8 | . . . . . 8 7 3 2 . 3 Highest-Rated Group 427 | . . . . . 427 416 192 94 . 163 Highest-Rated Ally 82 | . . . . . 82 64 64 47 . 59 Initial UFD Resources 106 | . . . . 37 57 81 83 96 106 106 Total Orders 4 | . . . . . . 4 . . . . STAY 2 | . . . . . . 2 . . . . FOLLOW 2 | . . . . . . 2 . . . . Ally Attacks 131 | . . . . . 29 58 37 . . 7 Total Damage 4629 | . . . . . 1166 1911 1313 . . 239 Kills 24 | . . . . . 4 13 7 . . . Allies Corrupted 1 | . . . . . . . 1 . . . Allies Melted 3 | . . . . . . . . . . 3 X0-1V1 Amusement Gains 287 | . 10 . . 5 93 . 61 . . 118 Good Acts 104 | . 2 2 . 6 14 5 21 6 11 37 Bad Acts 59 | . . 2 . 7 13 1 10 1 1 24 Intel | -11 -10 -10 -7 -5 -4 -4 -3 -2 -2 -2 ------- Run | Yrd Mat Sub Scr Fac Fac Arm Res Res Qua Frg Active Infowar (turns) 13765 | 19 519 434 2506 1186 969 555 1679 715 819 4364 Optics 5894 | . . . . 119 . 447 1679 677 . 2972 Sensors 3959 | . . . . . 171 . . 33 819 2936 Terrain 4710 | 19 519 434 2506 621 611 . . . . . Traps 3216 | . . . . 418 272 555 1526 306 139 . Decoding 1879 | . . . . 1182 697 . . . . . Machine Analysis 88 | . . . . . . . 88 . . . Robot Analysis Total 6 | . . . 6 . . . . . . . Derelict Logs Recovered 2 | . . . 2 . . . . . . . Drone Launches . | . . . . . . . . . . . Drone Recoveries . | . . . . . . . . . . . Decoded 0b10 Intel 50 | . . . . 34 16 . . . . . Traps 2 | . . . . 2 . . . . . . Emergency Access 1 | . . . . . 1 . . . . . Items 28 | . . . . 17 11 . . . . . Machines 6 | . . . . 4 2 . . . . . Patrols 8 | . . . . 6 2 . . . . . Guards 4 | . . . . 4 . . . . . . Exits 1 | . . . . 1 . . . . . . Exploration | -11 -10 -10 -7 -5 -4 -4 -3 -2 -2 -2 ------------- Run | Yrd Mat Sub Scr Fac Fac Arm Res Res Qua Frg Turns Passed 14528 | 91 519 434 2506 1186 1660 555 1679 715 819 4364 Spaces Moved 7914 | 44 217 153 1400 586 712 417 830 319 518 2718 Core 182 | 2 . . . 1 165 13 . . . 1 Treads 1553 | 42 217 153 742 168 . . 27 204 . . Legs 3654 | . . . . . 426 216 803 115 518 1576 Wheels 2276 | . . . 658 417 60 . . . . 1141 Hover . | . . . . . . . . . . . Flight 249 | . . . . . 61 188 . . . . Fastest Speed 40 | 50 160 240 105 105 40 40 117 115 115 70 Average Speed 136 | 155 224 240 176 132 165 91 125 156 129 105 Slowest Speed 455 | 160 240 240 240 250 455 190 270 250 210 270 Overloaded Moves . | . . . . . . . . . . . Propulsion Burnouts . | . . . . . . . . . . . Robots Hopped 1 | . . . . . 1 . . . . . Potential Cave-ins 25 | . . . . . . . . . . 25 Cave-ins Triggered 2 | . 1 . . . . . . . . 1 Exploration Rate (%) 34 | 3 39 17 80 14 21 26 28 10 75 62 Regions Visited 10 Branch Regions 5 Pre-discovered Areas 6 | . . . 5 1 . . . . . . Known Exits Taken 5 | . . . . 1 1 . 1 1 1 . Unknown Exits Taken 5 | 1 1 1 1 . . 1 . . . . Scrap Searched 6 | . . . 6 . . . . . . . Spaces Dug 98 | . 4 . . 4 20 . 11 . 3 56 Terrain Destroyed 469 | . 4 . . 65 60 . 35 20 30 255 Melee 33 | . . . . 4 14 . 9 . . 6 Projectile 330 | . 4 . . 21 16 . 25 20 30 214 AOE 105 | . . . . 40 30 . . . . 35 Terrain Rammed . | . . . . . . . . . . . Walls Destroyed . | . . . . . . . . . . . Machines Disabled . | . . . . . . . . . . . Actions | -11 -10 -10 -7 -5 -4 -4 -3 -2 -2 -2 --------- Run | Yrd Mat Sub Scr Fac Fac Arm Res Res Qua Frg Total 9977 | 59 233 178 1449 801 950 537 1158 464 595 3553 Wait 602 | . . . . 68 33 30 91 46 11 323 Move 7901 | 43 216 152 1399 585 709 416 829 318 517 2717 Hop 1 | . . . . . 1 . . . . . Pick Up 172 | 7 7 3 23 15 21 5 32 16 9 34 Fast Attach 165 | 7 . . 2 2 25 27 18 14 5 65 Attach 100 | . 1 . 1 21 25 3 24 4 5 16 Detach 17 | . . . . 3 7 2 . 1 . 4 Swap 60 | . 3 2 2 13 4 . 15 6 6 9 Drop 140 | . 1 1 22 3 1 12 19 21 11 49 Fire 664 | 2 5 18 . 86 54 16 120 32 31 300 Melee 95 | . . . . 5 70 4 9 . . 7 Ram 1 | . . . . . . . . . . 1 Kick 13 | . . . . . . . 1 6 . 6 Crush . | . . . . . . . . . . . Escape Stasis 3 | . . 2 . . . . . . . 1 Rewire 22 | . . . . . . 22 . . . . Trap 1 | . . . . . . . . . . 1 Miscellaneous 20 | . . . . . . . . . . 20 Route ------- -11/Scrapyard -10/Materials (discovered 3 exits: [*Mat] / [*Min] / [*Sub]) -10/Subcaves (discovered 2 exits: [*Mat] / *Scr) -7/Scraptown -5/Factory (discovered 4 exits: *Fac x2 / Upp x2) -4/Factory (discovered 3 exits: Upp x2 / *Arm) -4/Armory -3/Research (discovered 2 exits: *Res / Tes) -2/Research -2/Quarantine (discovered 3 exits: *Acc / *Sec / *Frg) -2/Protoforge (discovered 1 exit: *Acc) History --------- Turn | Location | Event 6 | -11/Scrapyard | Discovered new exit (range 15) 92 | -11/Scrapyard | Entered Materials 93 | -10/Materials | Met a group of wandering Federalists 140 | -10/Materials | Central database locked down 200 | -10/Materials | Discovered new exit (range 8) 315 | -10/Materials | Build established: Mutant 333 | -10/Materials | Discovered new exit (range 6) 344 | -10/Materials | Prayed at D.C.S.S. Altar Unit 348 | -10/Materials | Crushed by falling debris 348 | -10/Materials | Core integrity fell below 50% 353 | -10/Materials | Propulsion slot count permanently improved by X0-1V1 (+1) 397 | -10/Materials | X0-1V1 activates XOMVISION 400 | -10/Materials | Discovered new exit (range 14) 611 | -10/Materials | Entered Subcaves 612 | -10/Subcaves | Continued accompanying wandering Federalists (4) 623 | -10/Subcaves | Discovered new exit (range 10) 696 | -10/Subcaves | X0-1V1 activates XOMVISION 778 | -10/Subcaves | X0-1V1 sent hostile G-34 Mercenary (x3) 918 | -10/Subcaves | A swath of the cavern ceiling suddenly collapsed 929 | -10/Subcaves | Core integrity permanently improved by X0-1V1 (+200) 1045 | -10/Subcaves | Entered Scraptown 1045 | -7/Scraptown | System corruption cleaned by C-Scrubber 1477 | -7/Scraptown | Scanned Subdweller tech in exchange for log data 1484 | -7/Scraptown | Learned Research security intel 1486 | -7/Scraptown | Learned location of Armory (-4) 1534 | -7/Scraptown | Visited Spacefarers 1573 | -7/Scraptown | Visited Comm Corps 1662 | -7/Scraptown | Visited SPCMW 1736 | -7/Scraptown | Visited Shadow of the Wyrm 1758 | -7/Scraptown | Visited Symbiants 1813 | -7/Scraptown | Visited Fellowship of the Rings 1844 | -7/Scraptown | Visited Bundlers 2043 | -7/Scraptown | Visited UFD Registry 2043 | -7/Scraptown | Registered with UFD as "Nutblaster" 2569 | -7/Scraptown | Guru changed UFD alias to "Bladebay" 2797 | -7/Scraptown | Visited DA-N13 Charitable Foundation 2821 | -7/Scraptown | Found DCF Scrap (32 items) 2878 | -7/Scraptown | Visited Scrapoid Research Area 2899 | -7/Scraptown | Visited Infowarlord's Domain 2921 | -7/Scraptown | Visited Science Guys 2938 | -7/Scraptown | Visited Analyses Database 2962 | -7/Scraptown | Visited Supply Room 2983 | -7/Scraptown | Visited Modified Component R&D 3024 | -7/Scraptown | Visited Scrap Suit Storage 3032 | -7/Scraptown | Found Scrap Suit 3058 | -7/Scraptown | Visited Observation Area 3075 | -7/Scraptown | Visited Cartography Club 3094 | -7/Scraptown | Found Surveybot 17 Chip 3144 | -7/Scraptown | Learned location of Proximity Caves (-6) 3144 | -7/Scraptown | Learned location of Warlord (-4) 3144 | -7/Scraptown | Learned 16 Materials zone layouts 3144 | -7/Scraptown | Learned 8 Research zone layouts 3144 | -7/Scraptown | Learned 8 Access zone layouts 3144 | -7/Scraptown | Learned 4 Storage zone layouts 3144 | -7/Scraptown | Learned 8 Lower Caves zone layouts 3144 | -7/Scraptown | Learned 12 Lower Caves zone layouts 3144 | -7/Scraptown | Learned 8 Upper Caves zone layouts 3144 | -7/Scraptown | Learned 24 Proximity Caves zone layouts 3144 | -7/Scraptown | Learned Factory emergency access door positions 3144 | -7/Scraptown | Learned location of 1 exit from Factory 3144 | -7/Scraptown | Learned location of 3 exits from Upper Caves 3144 | -7/Scraptown | Learned location of 2 exits from Proximity Caves 3420 | -7/Scraptown | Found Scrap Suit 3490 | -7/Scraptown | Met Optimus 3490 | -7/Scraptown | Accepted into 0bPrime 3549 | -7/Scraptown | Discovered new exit (range 3) 3551 | -7/Scraptown | Entered Factory 3551 | -5/Factory | Evolved 10 slots: Propulsion x1, Utility x8, Weapon x1 3552 | -5/Factory | Identified exit to Upper Caves 3553 | -5/Factory | Identified exit to Factory 3972 | -5/Factory | X0-1V1 upgraded hostiles (x2) 4006 | -5/Factory | Lost 4 parts (1p2u1w) 4270 | -5/Factory | Lost 6 parts (2n2u2w) 4431 | -5/Factory | Mass support permanently improved by X0-1V1 (+9; -230 max core) 4444 | -5/Factory | Loaded intel: 8 recycling unit locations 4510 | -5/Factory | Learned location of Protoforge (-2) 4528 | -5/Factory | X0-1V1 added 0b10 threat records associated with you (considerable) 4627 | -5/Factory | Destroyed 8 combat bots 4682 | -5/Factory | Build established: Hacker-Gunner 4721 | -5/Factory | Garrison activated, responded to threat 4737 | -5/Factory | Entered another Factory area 4737 | -4/Factory | Evolved 2 slots: Utility x1, Weapon x1 4738 | -4/Factory | Identified exit to Upper Caves 4738 | -4/Factory | Identified exit to Armory 4768 | -4/Factory | Lost 5 parts (2n1u2w) 4842 | -4/Factory | Found Faulty Exp. Signal Interpreter 5090 | -4/Factory | Loaded intel: 8 recycling unit locations 5397 | -4/Factory | Lost 5 parts (2u3w) 5436 | -4/Factory | X0-1V1 upgraded hostiles (x1) 5465 | -4/Factory | Lost 8 parts (1p4n3u) 5555 | -4/Factory | System corruption reached 10% 5608 | -4/Factory | Hyp. Railgun reconfigured into Item Mimic 5695 | -4/Factory | Garrison activated, responded to threat 5696 | -4/Factory | Build established: Hacker-Mutant 5784 | -4/Factory | X0-1V1 announced a LAN party 5863 | -4/Factory | Lost 3 parts (3u) 5923 | -4/Factory | Core integrity fell below 50% 5965 | -4/Factory | Lost 8 parts (2p3n3u) 6079 | -4/Factory | X0-1V1 added 0b10 threat records associated with you (major) 6135 | -4/Factory | X0-1V1 added 0b10 threat records associated with you (major) 6237 | -4/Factory | First assault squad dispatched 6280 | -4/Factory | X0-1V1 foreshadows a heat wave 6282 | -4/Factory | Core integrity restored by X0-1V1 (+257) 6349 | -4/Factory | Released all parts (5) 6355 | -4/Factory | X0-1V1 turns hostiles against one another 6379 | -4/Factory | Lost 18 parts (2p5n6u5w) 6392 | -4/Factory | Lost 3 allies 6396 | -4/Factory | Core integrity fell below 20% 6397 | -4/Factory | Entered Armory 6434 | -4/Armory | X0-1V1 destroyed Energy Cycler 6434 | -4/Armory | Energy Cycler disabled 6505 | -4/Armory | X0-1V1 sent you to a vault 6580 | -4/Armory | X0-1V1 activates XOMVISION 6782 | -4/Armory | P-70 Sage assimilated allied Swordsman 7a 6783 | -4/Armory | P-70 Sage assimilated allied Assassin 7c 6831 | -4/Armory | Discovered new exit (range 2) 6950 | -4/Armory | Build established: Scavenger-Skirmisher 6952 | -4/Armory | Entered Research 6952 | -3/Research | Accompanied by 2 allies 6952 | -3/Research | Evolved 2 slots: Power x1, Utility x1 6953 | -3/Research | Identified exit to Research 7015 | -3/Research | Fabricated Lrg. Storage Unit (x1) 7268 | -3/Research | Garrison activated, responded to threat 7306 | -3/Research | Core integrity fell below 50% 7338 | -3/Research | X0-1V1 announced a LAN party 7351 | -3/Research | Loaded intel: 5 recycling unit locations 7357 | -3/Research | Spotted B-86 Titan 7485 | -3/Research | Fabricated Imp. Thunder Leg? 7545 | -3/Research | X0-1V1 enhanced Transport squad support 7620 | -3/Research | Build established: Scavenger-Gunner 7651 | -3/Research | X0-1V1 vaporized surrounding terrain (radius 21) 7656 | -3/Research | X0-1V1 redirected Transport squads to designated parking area 7702 | -3/Research | First assault squad dispatched 7771 | -3/Research | X0-1V1 activates XOMVISION 7790 | -3/Research | Lost 3 parts (2u1w) 7959 | -3/Research | Identified exit to Testing 7959 | -3/Research | X0-1V1 revealed exit location to -3/Testing 8140 | -3/Research | X0-1V1 upgraded hostiles (x1) 8163 | -3/Research | X0-1V1 vaporized surrounding terrain (radius 22) 8207 | -3/Research | Destroyed 9 combat bots 8228 | -3/Research | Lost 5 parts (1p2n1u1w) 8258 | -3/Research | X0-1V1 sent you to a vault 8390 | -3/Research | Cargo convoy interrupted 8403 | -3/Research | Spotted Striker 8404 | -3/Research | Build established: Scavenger-Tank 8420 | -3/Research | Lost 3 allies 8439 | -3/Research | Core integrity fell below 20% 8460 | -3/Research | Lost 5 parts (2n3u) 8494 | -3/Research | Destroyed 7 combat bots 8562 | -3/Research | X0-1V1 sent allied G-67 Veteran (x3) 8587 | -3/Research | Lost 11 parts (2p1n6u2w) 8631 | -3/Research | Entered another Research area 8631 | -2/Research | Accompanied by 2 allies 8631 | -2/Research | Evolved 2 slots: Propulsion x2 8823 | -2/Research | Found Prototype Processor 8830 | -2/Research | Loaded intel: 5 recycling unit locations 8950 | -2/Research | Lost 4 parts (4u) 8960 | -2/Research | Destroyed 8 combat bots 9038 | -2/Research | Identified Exp. Core Analyzer 9129 | -2/Research | X0-1V1 sent you to a vault 9147 | -2/Research | Found Prototype Processor 9147 | -2/Research | Identified Exp. Target Analyzer 9152 | -2/Research | Found Prototype Device 9152 | -2/Research | Identified Adv. Kinecellerator 9159 | -2/Research | Found Prototype Device 9159 | -2/Research | Identified Exp. Shock Absorption System 9169 | -2/Research | Found Prototype Special Weapon 9170 | -2/Research | Identified Exp. Remote Datajack 9179 | -2/Research | Found Chaos Jack 9189 | -2/Research | Discovered new exit (range 17) 9272 | -2/Research | X0-1V1 activates XOMVISION 9345 | -2/Research | Identified exit to Quarantine 9346 | -2/Research | Entered Quarantine 9597 | -2/Quarantine | Build established: Gunner 9615 | -2/Quarantine | X0-1V1 whisked you away to safety 9632 | -2/Quarantine | Discovered new exit (range 3) 9634 | -2/Quarantine | Identified exit to Access 9865 | -2/Quarantine | Found Alien Energy Cannon 9865 | -2/Quarantine | Identified Core Cannon 9936 | -2/Quarantine | Found Alien Artifact 9944 | -2/Quarantine | Found Alien Artifact 10040 | -2/Quarantine | Identified exit to Protoforge 10040 | -2/Quarantine | X0-1V1 revealed exit location to -2/Protoforge 10079 | -2/Quarantine | Spotted Fortress 10132 | -2/Quarantine | Sensors blinded by X0-1V1 10134 | -2/Quarantine | Build established: Hacker-Gunner 10154 | -2/Quarantine | Identified exit to Section 7 10154 | -2/Quarantine | X0-1V1 revealed exit location to -2/Section 7 10165 | -2/Quarantine | Entered Protoforge 10264 | -2/Protoforge | Superfortress began startup sequence 10264 | -2/Protoforge | Spotted Hotshot 10264 | -2/Protoforge | Spotted Hotshot 10285 | -2/Protoforge | Destroyed Hotshot 10304 | -2/Protoforge | Destroyed Hotshot 10349 | -2/Protoforge | Spotted Hotshot 10349 | -2/Protoforge | Spotted Hotshot 10360 | -2/Protoforge | X0-1V1 activates XOMVISION 10375 | -2/Protoforge | Destroyed Hotshot 10382 | -2/Protoforge | Destroyed Hotshot 10669 | -2/Protoforge | Crushed by falling debris 10791 | -2/Protoforge | Spotted EXE-6 10799 | -2/Protoforge | Spotted EXE-6 10800 | -2/Protoforge | Spotted SKR-2 10812 | -2/Protoforge | Destroyed EXE-6 10816 | -2/Protoforge | Destroyed EXE-6 10830 | -2/Protoforge | Spotted SKR-2 10832 | -2/Protoforge | Spotted SKR-2 10853 | -2/Protoforge | Destroyed SKR-2 10863 | -2/Protoforge | Destroyed SKR-2 10874 | -2/Protoforge | Destroyed SKR-2 10968 | -2/Protoforge | UFD initiated attack on Protoforge (Readiness: High) 10968 | -2/Protoforge | Loaded intel: 3 recycling unit locations 11005 | -2/Protoforge | Optimus greeted in Protoforge 11036 | -2/Protoforge | Lost 3 allies 11107 | -2/Protoforge | Core integrity restored by X0-1V1 (+383) 11136 | -2/Protoforge | Spotted AP7-3 11141 | -2/Protoforge | Destroyed AP7-3 11169 | -2/Protoforge | Lost 4 allies 11181 | -2/Protoforge | Spotted Overlord 11188 | -2/Protoforge | UFD reported confirmed Drillbomb installation 11194 | -2/Protoforge | Destroyed Overlord 11197 | -2/Protoforge | Build established: Scavenger-Gunner 11234 | -2/Protoforge | Lost 5 allies 11235 | -2/Protoforge | Spotted Executioner 11237 | -2/Protoforge | Found UFD Drillbomb 11240 | -2/Protoforge | Spotted Executioner 11248 | -2/Protoforge | Spotted Immortal 11253 | -2/Protoforge | Spotted Immortal 11253 | -2/Protoforge | Spotted Immortal 11255 | -2/Protoforge | X0-1V1 downgraded hostiles (x5) 11257 | -2/Protoforge | X0-1V1 sent allied C-57 Dissector (x4) 11267 | -2/Protoforge | X0-1V1 whisked you away to safety 11271 | -2/Protoforge | X0-1V1 revealed exit location to -1/Access 11297 | -2/Protoforge | Lost 8 allies 11328 | -2/Protoforge | X0-1V1 sent hostile S-43 Plague (x4) 11398 | -2/Protoforge | Lost 7 parts (1n3u3w) 11424 | -2/Protoforge | X0-1V1 added 0b10 threat records associated with you (considerable) 11476 | -2/Protoforge | Spotted Executioner 11477 | -2/Protoforge | Spotted Striker 11477 | -2/Protoforge | Destroyed Striker 11481 | -2/Protoforge | Destroyed Executioner 11487 | -2/Protoforge | Spotted Executioner 11488 | -2/Protoforge | Spotted Striker 11493 | -2/Protoforge | Destroyed Striker 11524 | -2/Protoforge | Destroyed Executioner 11546 | -2/Protoforge | Found Exp. Core Analyzer 11554 | -2/Protoforge | Found Prototype Processor 11554 | -2/Protoforge | Identified Exp. Targeting Computer 11555 | -2/Protoforge | Lost 8 parts (1p3u4w) 11560 | -2/Protoforge | Found Exp. Core Analyzer 11564 | -2/Protoforge | Found Adv. Kinecellerator 11700 | -2/Protoforge | Spotted Executioner 11700 | -2/Protoforge | X0-1V1 sent you into danger 11700 | -2/Protoforge | Spotted Executioner 11717 | -2/Protoforge | Destroyed Executioner 11733 | -2/Protoforge | Destroyed Executioner 11735 | -2/Protoforge | Core integrity fell below 50% 11761 | -2/Protoforge | Destroyed 11 combat bots 11763 | -2/Protoforge | Lost 6 parts (1p3n2u) 11803 | -2/Protoforge | Spotted Striker 11831 | -2/Protoforge | Found Scrap Suit 11975 | -2/Protoforge | UFD reported confirmed Drillbomb installation 12030 | -2/Protoforge | UFD reported confirmed Drillbomb installation 12079 | -2/Protoforge | Spotted B-90 Cyclops 12080 | -2/Protoforge | Destroyed B-90 Cyclops 12085 | -2/Protoforge | X0-1V1 sent hostile H-77 Assassin (x2) 12138 | -2/Protoforge | Spotted Striker 12139 | -2/Protoforge | UFD reported confirmed Drillbomb installation 12149 | -2/Protoforge | Spotted Executioner 12149 | -2/Protoforge | Destroyed Striker 12158 | -2/Protoforge | Weapon slot count temporarily expanded by X0-1V1 (+1) 12171 | -2/Protoforge | Lost 4 allies 12171 | -2/Protoforge | Destroyed Executioner 12174 | -2/Protoforge | Spotted Executioner 12188 | -2/Protoforge | Spotted Executioner 12191 | -2/Protoforge | Spotted Executioner 12192 | -2/Protoforge | Destroyed 12 combat bots 12197 | -2/Protoforge | P-80 Master assimilated allied 02F73-D 12199 | -2/Protoforge | X0-1V1 whisked you away to safety 12218 | -2/Protoforge | Found Heavy Servo Lattice 12219 | -2/Protoforge | Found Prototype Ballistic Gun 12229 | -2/Protoforge | Found Prototype Launcher 12229 | -2/Protoforge | Identified Cep. Concussive Dispersal Blaster 12281 | -2/Protoforge | Spotted Striker 12282 | -2/Protoforge | Core integrity restored by X0-1V1 (+326) 12284 | -2/Protoforge | Spotted Striker 12379 | -2/Protoforge | Spotted Striker 12446 | -2/Protoforge | UFD reported confirmed Drillbomb installation 12460 | -2/Protoforge | Spotted Hotshot 12464 | -2/Protoforge | Destroyed Hotshot 12479 | -2/Protoforge | Spotted Executioner 12483 | -2/Protoforge | Spotted Executioner 12510 | -2/Protoforge | Found UFD Drillbomb 12512 | -2/Protoforge | P-80 Master assimilated allied 1I-DHU(j) 12536 | -2/Protoforge | UFD reported confirmed Drillbomb installation 12537 | -2/Protoforge | Lost 4 allies 12579 | -2/Protoforge | Spotted Executioner 12589 | -2/Protoforge | Destroyed Executioner 12773 | -2/Protoforge | Installed UFD Drillbomb at designated target 12773 | -2/Protoforge | UFD reported confirmed Drillbomb installation 12808 | -2/Protoforge | UFD reported confirmed Drillbomb installation 12831 | -2/Protoforge | Installed UFD Drillbomb at designated target 12831 | -2/Protoforge | UFD reported confirmed Drillbomb installation 12884 | -2/Protoforge | Spotted Executioner 12952 | -2/Protoforge | Spotted Executioner 12983 | -2/Protoforge | System corruption reached 10% 13002 | -2/Protoforge | Spotted Striker 13012 | -2/Protoforge | X0-1V1 sent you into danger 13024 | -2/Protoforge | Destroyed Striker 13033 | -2/Protoforge | Spotted Executioner 13034 | -2/Protoforge | Spotted Striker 13063 | -2/Protoforge | Identified Cep. XC Strikerail 13082 | -2/Protoforge | Destroyed Striker 13097 | -2/Protoforge | Destroyed Executioner 13113 | -2/Protoforge | Lost 4 allies 13139 | -2/Protoforge | Core integrity fell below 20% 13146 | -2/Protoforge | Found 0bPrime Scrap Suit 13169 | -2/Protoforge | Lost 14 parts (2p3n5u4w) 13189 | -2/Protoforge | Spotted Striker 13196 | -2/Protoforge | Spotted Striker 13222 | -2/Protoforge | Destroyed Striker 13224 | -2/Protoforge | Weapon slot count temporarily expanded by X0-1V1 (+2) 13224 | -2/Protoforge | Lost 4 allies 13281 | -2/Protoforge | Found UFD Drillbomb 13302 | -2/Protoforge | Spotted Striker 13303 | -2/Protoforge | Destroyed Striker 13336 | -2/Protoforge | Lost 3 allies 13442 | -2/Protoforge | Spotted Striker 13451 | -2/Protoforge | Destroyed Striker 13501 | -2/Protoforge | Spotted Striker 13513 | -2/Protoforge | Spotted Executioner 13569 | -2/Protoforge | Lost 12 allies 13582 | -2/Protoforge | Destroyed Executioner 13631 | -2/Protoforge | Build established: Scavenger-Scrapper 13638 | -2/Protoforge | Spotted Striker 13642 | -2/Protoforge | Destroyed Striker 13643 | -2/Protoforge | X0-1V1 sent hostile X-77 Beamer (x2) 13646 | -2/Protoforge | Spotted Striker 13646 | -2/Protoforge | Destroyed Striker 13653 | -2/Protoforge | Spotted Striker 13680 | -2/Protoforge | Spotted Striker 13686 | -2/Protoforge | Destroyed Striker 13697 | -2/Protoforge | Spotted Striker 13729 | -2/Protoforge | Spotted Striker 13733 | -2/Protoforge | Spotted Striker 13738 | -2/Protoforge | Lost 5 allies 13745 | -2/Protoforge | Destroyed Striker 13751 | -2/Protoforge | Spotted Executioner 13751 | -2/Protoforge | Spotted Striker 13792 | -2/Protoforge | Lost 5 allies 13822 | -2/Protoforge | Spotted Striker 13827 | -2/Protoforge | Spotted Striker 13866 | -2/Protoforge | Destroyed Striker 13880 | -2/Protoforge | Destroyed Striker 13931 | -2/Protoforge | Destroyed 7 combat bots 13937 | -2/Protoforge | X0-1V1 activates XOMVISION 14075 | -2/Protoforge | X0-1V1 added 0b10 threat records associated with you (considerable) 14228 | -2/Protoforge | X0-1V1 sent you to a vault 14288 | -2/Protoforge | Spotted Striker 14300 | -2/Protoforge | Destroyed Striker 14350 | -2/Protoforge | Spotted Striker 14353 | -2/Protoforge | Spotted Executioner 14488 | -2/Protoforge | X0-1V1 mutated your Utility slot to Weapon slot 14520 | -2/Protoforge | Spotted Executioner 14520 | -2/Protoforge | Spotted Striker 14520 | -2/Protoforge | Spotted Executioner 14520 | -2/Protoforge | Spotted Hotshot 14520 | -2/Protoforge | Spotted Hotshot 14520 | -2/Protoforge | Spotted Striker 14529 | -2/Protoforge | Destroyed by S-43 Plague with Heavy Machine Gun Last Messages --------------- 14520_ Penetrated by Slug. 14520_ Slug penetrates Yield Oscillator. 14520_ Yield Oscillator disabled. 14521_ C-45 Heavy ARC bursts open, deploying its payload. 14521_ H-88 Terminator unfolds itself. 14521_ S-43 Plague unfolds itself. 14522_ C-45 Heavy ARC bursts open, deploying its payload. 14522_ G-73 Enforcer unfolds itself. 14522_ X0-1V1 wants to heat up the action around here (+297 heat). 14523_ Overheating: Energy bleed (-165). 14528_ Ovr. Huge Scrapsphere repairs itself (+2). 14528_ X0-1V1: "Draw!" 14529_ X0-1V1 snickers! [Achievement: 50k Club] [Achievement: Punisher] [Achievement: Overachiever] Map ----- +----------------------------------------------------+ | ?????????????????????????? | | ?????????????????????????? | | ?????????????????????????? | | ?????????????????????????? | | ?????????????????????????? | | ?????????????????????????? | | ?????????????????######### | | ?????????????????######### | | ?????????????????##??????? | | ?????????????????##??????? | | ?????????????????##??????? | | ???############??##??????? | | ???############??##??????? | | ???## ######??????? | | ???## ######??????? | | ???## """" #??? #??????? | | ???## """" #? #??????? | | ???## """" #%< ###+#### | | ???## """ /%" | | ???#"% # | | ???##% p #??????"""""" | | ##### #??????????"" | | #####s########## ?""""""" | | # K K #? ?? | | # se"""" o# ??? | | #@ s"""" + ????? %! | | # s"""" #?????? | | # s""" #?????########## | | # ###?#######????? | | # %% #???????###????? | | # % % #??????????????? | | ####;######???????###????? | | ####%######???????###????? | | ??##%##??##???????###????? | | ??##=##??##???????###????? | | ??##%##??##???????###????? | | ??##%##??##???????###?#### | | ??##=##??##???????###?#### | | ??##!=#??##???????###?##?? | | ??##=##??##???????###?#### | | ??##=##??############ #### | | ??## ##??############ | | ??## ##??## #### #### | | ??## ##??## ####?#### | | ??## ##??## ####?##?? | | ??## ##??## ?#### #### | | ??## ##??## ??#### #### | | ??## "#?###! ???# " # | | ??## #####!!###+##"%" # | | ??##[#####=[ % "T # | +----------------------------------------------------+ Best States ------------- Heat Dissipation 188 Energy Generation 75 Energy Capacity 2990 Matter Stores 1000 Matter Capacity 1200 Sight Range 28 Robot Scan Range 16 Terrain Scan Range 20 Terrain Scan Density 210 Base Temperature (-) 200 Armor Coverage 1200 Resistance: KI 20 Resistance: TH 42 Resistance: EX 95 Resistance: EM 35 Resistance: I 20 Resistance: S 20 Resistance: P 20 Core Shielding 30 Propulsion Shielding 66 Weapon Shielding 90 Phase Shifting 15 Evasion (%) 70 Targeting Accuracy 20 Melee Accuracy 48 Target Analysis 10 Core Analysis 12 Recoil Reduction 6 Kinecelleration 50 Offensive Hacking 30 Defensive Hacking 14 Authchip Count 6 Item Schematics ----------------- Datajack | -10/Materials | Hacked Lrg. Storage Unit | -10/Materials | Hacked Hvy. Siege Treads | -4/Factory | Hacked Robot Schematics ------------------ None Fabricated ------------ Lrg. Storage Unit | x1 | -3/Research Imp. Thunder Leg | x2 | -3/Research | Preloaded Repaired ---------- Nothing Studied --------- Hyp. Railgun | -3/Research | Hacked Enh. Nova Cannon | -2/Quarantine | Hacked Alien Tech Used ----------------- Core Cannon Achievements -------------- 50k Club Anti-science Crusade Deadly Precision Longdome?! Overachiever Preemptive Strike Punisher Sniper Strength In Numbers Challenges ------------ None Game ------ Seed BiocellSchematicSubcomponent Manual? 0 Play Time 04:22:08 Cumulative 210.9 hours Start 2026.07.25 @ 17:47:23 End 2026.07.27 @ 21:02:18 Sessions 9 Manual Loads 0 Difficulty Adventurer Special Mode None Game No. 84 Rogue 67 Adventurer 17 Explorer 0 Win Type - Total 10 Types 7/0/2/1/0/0/0/0/0/0 Lore% 69 Gallery% 61 Achievement% 50 Wizard Run 0 Options --------- Layout 1 ASCII 0 Keyboard 0 Movement Numpad Keybinds 1 Fullscreen 1 Font 24/Smallcaps Map View 50x35 Zoom Use 0% Tactical HUD 1 Map Filters NONE Filters NONE Steam 1 RUN: 1c7d28b5-cf50-457d-aa80-c48bc505e083